[Event "Spring Tour GM Mix B 2022"]
[Site "Cattolica"]
[Date "2022.03.12"]
[Round "4.7"]
[White "Kanyamarala, Tarun"]
[Black "Marzaduri, Riccardo"]
[Result "1-0"]
[ECO "A85"]
[WhiteElo "2343"]
[BlackElo "2180"]
[Annotator "RC"]
[PlyCount "67"]
[EventDate "2022.03.10"]
[EventType "swiss"]
[EventCountry "ITA"]
[SourceTitle "playchess.com"]
[Source "ChessBase"]
[SourceQuality "1"]
[TimeControl "5400+30"]

1. d4 d5 2. c4 c6 3. Nf3 e6 4. Qc2 f5 5. Nc3 Nf6 6. Bg5 Be7 7. e3 O-O 8. h3 Ne4 9. Bf4 Bb4 10. Rc1 Qa5 11. Nd2 Nd7 12. Ndxe4 fxe4 13. a3 Be7 14. Be2 e5 15. Bxe5 Nxe5 16. dxe5 Be6 17. O-O Qb6 18. cxd5 cxd5 19. Bg4 Bf7 20. e6 Bxe6 21. Bxe6+ Qxe6 22. Qb3 Rf5 23. Rcd1 Rd8 24. Rd4 Kf7 25. Rfd1 Bf6 26. Rxd5 Rfxd5 27. Rxd5 Rxd5 28. Nxd5 b6 29. Qc4 Bxb2 30. Qc7+ Kf8 31. Qb8+ Qe8 32. Qxa7 Qc6 33. Qe7+ Kg8 34. Qxe4 1-0

[Event "Spring Tour GM Mix B 2022"]
[Site "Cattolica"]
[Date "2022.03.12"]
[Round "5.7"]
[White "Marzaduri, Riccardo"]
[Black "Begmuratov, Khumoyun"]
[Result "0-1"]
[ECO "D00"]
[WhiteElo "2180"]
[BlackElo "2358"]
[Annotator "RC"]
[PlyCount "70"]
[EventDate "2022.03.10"]
[EventType "swiss"]
[EventCountry "ITA"]
[SourceTitle "playchess.com"]
[Source "ChessBase"]
[SourceQuality "1"]
[TimeControl "5400+30"]

1. d4 Nf6 2. Nc3 d5 3. Bf4 a6 4. e3 e6 5. g4 Bb4 6. Nge2 c5 7. a3 cxd4 8. axb4 dxc3 9. Nxc3 O-O 10. b5 Qe7 11. g5 Nfd7 12. Rg1 Re8 13. Ra4 Nb6 14. Ra3 e5 15. Bg3 d4 16. Ne4 Qb4+ 17. c3 dxc3 18. Nxc3 Bf5 19. Rb3 Qc5 20. bxa6 bxa6 21. Bxe5 Be6 22. Rxb6 Qxb6 23. Bd4 Qc7 24. Qh5 Bf5 25. Qf3 Nc6 26. Bxg7 Qd7 27. Bf6 Rab8 28. g6 fxg6 29. Bc4+ Be6 30. Nd5 Nb4 31. Qh5 Bxd5 32. Rxg6+ hxg6 33. Qh8+ Kf7 34. Qg7+ Ke6 35. Qxg6 Qf7 0-1

[Event "Spring Tour GM Mix B 2022"]
[Site "Cattolica"]
[Date "2022.03.14"]
[Round "8.6"]
[White "Pfreundt, Jakob"]
[Black "Devnani Kush"]
[Result "1-0"]
[ECO "A07"]
[WhiteElo "2392"]
[BlackElo "2041"]
[Annotator "ChessBase"]
[PlyCount "111"]
[EventDate "2022.03.10"]
[EventType "swiss"]
[EventCountry "ITA"]
[SourceTitle "playchess.com"]
[Source "ChessBase"]
[SourceQuality "1"]
[TimeControl "5400+30"]

1. Nf3 d5 2. g3 c6 3. Bg2 Bf5 4. O-O e6 5. d3 Be7 6. c4 dxc4 7. d4 Nd7 8. Nbd2 Ngf6 9. Nxc4 O-O 10. Qb3 Nb6 11. Na5 Rb8 12. Bf4 Bd6 13. Bg5 Be4 14. Qe3 Bd5 15. Qd3 Bxf3 16. Bxf3 h6 17. Bd2 e5 18. Rad1 Qe7 19. dxe5 Bxe5 20. b4 Qe6 21. Qb3 Qxb3 22. Nxb3 Nc4 23. Be1 Bc7 24. Nc5 Ne5 25. Bg2 Rfd8 26. Rxd8+ Bxd8 27. Bc3 Ned7 28. Nb3 Nb6 29. e4 Bc7 30. Rd1 Na4 31. Ba1 Re8 32. Bxf6 gxf6 33. Rd7 Bb6 34. Rxb7 Nc3 35. Nc5 Nxa2 36. Bf3 Bxc5 37. bxc5 Re5 38. Bd1 Rxc5 39. Bb3 Ra5 40. Bxf7+ Kf8 41. Bc4 Nc3 42. Rf7+ Ke8 43. Rxf6 Rc5 44. Bd3 h5 45. f4 a5 46. e5 a4 47. Bg6+ Kd8 48. Rf8+ Kc7 49. Ra8 Kb7 50. e6 Nd5 51. Rxa4 h4 52. Rd4 Nf6 53. e7 hxg3 54. hxg3 Rc3 55. Kf2 c5 56. Rd6 1-0

[Event "Spring Tour GM Mix B 2022"]
[Site "Cattolica"]
[Date "2022.03.14"]
[Round "8.9"]
[White "Engel, Robert"]
[Black "Knudsen, Simon"]
[Result "0-1"]
[ECO "B09"]
[WhiteElo "2128"]
[BlackElo "2203"]
[Annotator "ChessBase"]
[PlyCount "130"]
[EventDate "2022.03.10"]
[EventType "swiss"]
[EventCountry "ITA"]
[SourceTitle "playchess.com"]
[Source "ChessBase"]
[SourceQuality "1"]
[TimeControl "5400+30"]

1. e4 g6 2. d4 Bg7 3. Nc3 d6 4. f4 Nf6 5. Nf3 O-O 6. Bd3 Nc6 7. Be2 Bg4 8. O-O d5 9. e5 Ne4 10. Be3 Nxc3 11. bxc3 Na5 12. h3 Bxf3 13. Rxf3 e6 14. g4 f5 15. exf6 Qxf6 16. Qf1 c5 17. Rb1 c4 18. Rb5 b6 19. Kg2 Nb7 20. Rb1 Nd6 21. Qe1 Rf7 22. Bc1 Rc8 23. h4 h5 24. Rh3 Bf8 25. gxh5 gxh5 26. Bxh5 Rg7+ 27. Kh2 Qf5 28. Bf3 Qxc2+ 29. Bd2 Qf5 30. Rd1 Nf7 31. Rg3 Bd6 32. Rxg7+ Kxg7 33. Qg3+ Qg6 34. Rg1 Qxg3+ 35. Rxg3+ Kf6 36. h5 Rh8 37. Rg6+ Ke7 38. Kh3 Nh6 39. Rg7+ Kf6 40. Rd7 Bb8 41. Bd1 Nf5 42. Bg4 Nd6 43. Be1 Nf5 44. Bd2 b5 45. Bc1 b4 46. cxb4 c3 47. Bxf5 Rxh5+ 48. Kg4 Rh1 49. Bxe6 Kxe6 50. Rb7 Rxc1 51. Rxb8 c2 52. f5+ Kf7 53. Rc8 Rg1+ 54. Kf4 c1=Q+ 55. Rxc1 Rxc1 56. Ke5 Ra1 57. Kxd5 Rxa2 58. Kc6 Kf6 59. d5 Kxf5 60. b5 Ke5 61. d6 Rc2+ 62. Kb7 Kxd6 63. Kxa7 Kc5 64. b6 Ra2+ 65. Kb7 Rb2 0-1